 Dungeon Crawl Stone Soup version 0.29-a0-551-gffc1d7fb78 (webtiles) character file.

Game seed: 6541409598872494397

15879 spaghetti the Prestidigitator (level 12, -1/82 HPs)
             Began as a Gnoll Artificer on June 5, 2022.
             Was a High Priest of Okawaru.
             Slain by a skeletal warrior
             ... wielding a +0 long sword
              (18 damage)
             ... on level 13 of the Dungeon.
             The game lasted 00:19:21 (10486 turns).

spaghetti the Prestidigitator (Gnoll Artificer)    Turns: 10486, Time: 00:19:22

Health: -1/82      AC: 16    Str: 18    XL:     12   Next: 31%
Magic:  16/22      EV: 14    Int: 14    God:    Okawaru [*****.]
Gold:   714        SH:  0    Dex: 12    Spells: 25/25 levels left

rFire   + + .      SeeInvis +   r - +4 executioner's axe (vamp) {axerare=g}
rCold   x . .      Faith    +   (shield currently unavailable)
rNeg    + . .      Spirit   .   S - +0 fire dragon scales
rPois   .          Reflect  .   Y - +0 helmet {SInv}
rElec   .          Harm     .   j - -2 cloak of Watchfulness {*Slow rN+ Regen+ Int+3}
rCorr   .          Rampage  .   f - +1 pair of gloves {Str+3}
Will    +....      Clarity  +   (no boots)
Stlth   +++.......              F - amulet of faith {!P}
HPRegen 1.03/turn               y - ring of flight
MPRegen 0.18/turn               T - ring of willpower

@: heroic, finesse-ful, flying
A: fangs 1, strong nose, distributed training, clarity, dopey 1, frail 1
a: Renounce Religion, Heroism, Finesse, Duel


You were on level 13 of the Dungeon.
You worshipped Okawaru.
Okawaru was extremely pleased with you.
You visited 1 branch of the dungeon, and saw 13 of its levels.

You collected 714 gold pieces.


Innate Abilities, Weirdness & Mutations

You have very sharp teeth.
Your uncanny sense of smell can sniff out nearby items.
Your experience applies equally to all skills.
You possess an exceptional clarity of mind.
You are dopey. (Int -2)
You are frail. (-10% HP)


   Skills:
 + Level 7.7(12.7) Fighting
 + Level 7.1(12.1) Short Blades
 + Level 7.1(12.1) Long Blades
 + Level 7.1(12.1) Axes
 + Level 7.1(12.1) Maces & Flails
 + Level 7.1(12.1) Polearms
 + Level 7.1(12.1) Staves
 + Level 7.1(12.1) Slings
 + Level 7.1(12.1) Bows
 + Level 7.1(12.1) Crossbows
 + Level 7.1(12.1) Throwing
 + Level 8.6(13.6) Armour
 + Level 7.7(12.7) Dodging
 + Level 7.6(12.6) Stealth
 + Level 7.1(12.1) Shields
 + Level 7.1(12.1) Unarmed Combat
 + Level 7.1 Spellcasting
 + Level 5.9 Conjurations
 + Level 5.9 Hexes
 + Level 5.9 Summonings
 + Level 5.9 Necromancy
 + Level 5.9 Translocations
 + Level 5.9 Transmutations
 + Level 5.9 Fire Magic
 + Level 5.9 Ice Magic
 + Level 5.9 Air Magic
 + Level 5.9 Earth Magic
 + Level 5.9 Poison Magic
 + Level 7.8 Invocations
 + Level 9.8 Evocations


You had 25 spell levels left.
You didn't know any spells.
Your spell library contained the following spells:

 Spells                   Type           Power      Damage    Failure   Level
 Apportation              Tloc           42%        N/A       3%          1
 Necrotize                Necr           84%        1d8       3%          1
 Poisonous Vapours        Pois/Air       42%        N/A       4%          2
 Conjure Flame            Conj/Fire      21%        6-21      10%         3
 Dazzling Flash           Conj/Hex       42%        N/A       10%         3
 Gell's Gravitas          Tloc           21%        N/A       10%         3
 Ignite Poison            Fire/Tmut/Pois 21%        N/A       10%         3
 Inner Flame              Hex/Fire       21%        N/A       10%         3
 Lesser Beckoning         Tloc           21%        N/A       10%         3
 Teleport Other           Tloc           21%        N/A       10%         3
 Cause Fear               Hex            10%        N/A       32%         4
 Corpse Rot               Necr/Pois/Air  21%        N/A       32%         4
 Sticky Flame             Conj/Fire      21%        2d4       32%         4
 Agony                    Necr           21%        N/A       67%         5
 Silence                  Hex/Air        10%        N/A       67%         5
 Conjure Ball Lightning   Conj/Air       10%        3x3d6     99%         6
 Dispersal                Tloc           10%        N/A       99%         6
 Discord                  Hex            10%        N/A       100%        8
 Disjunction              Tloc           10%        N/A       100%        8
 Summon Small Mammal      Summ           Unusable   N/A       N/A         1

Inventory:

Hand Weapons
 a - the +7 whip of the Dwarven Hall {vorpal, Str+2 Int+3, mace}
   (You found it on level 3 of the Dungeon)

   It inflicts extra damage upon your enemies.
   Str:       It affects your strength (+2).
   Int:       It affects your intelligence (+3).
 b - a +4 hunting sling {sling}
   (You took it off a goblin on level 2 of the Dungeon)
 r - a +4 vampiric executioner's axe (weapon) {axerare=g}
   (Okawaru gifted it to you on level 11 of the Dungeon)
 s - a +5 great sword of freezing {long}
   (You took it off a wight on level 6 of the Dungeon)
 v - the +8 short sword "Doishriwe" {freeze, rPois rC+ Int+2, short}
   (You found it on level 8 of the Dungeon)

   It freezes those it strikes, dealing additional cold damage.
   It can also slow down cold-blooded creatures.
   Int:       It affects your intelligence (+2).
   rC:        It protects you from cold.
   rPois:     It protects you from poison.
 P - the +4 war axe "Ycidioh" {freeze, Dex+3, axe}
   (You found it on level 8 of the Dungeon)

   It freezes those it strikes, dealing additional cold damage.
   It can also slow down cold-blooded creatures.
   Dex:       It affects your dexterity (+3).
Missiles
 h - 323 stones {throwing}
 l - a curare-tipped dart {=fthrowing}
 p - 5 boomerangs of dispersal {=f!fthrowing}
 q - 2 throwing nets {=f!fthrowing}
 C - 9 atropa-tipped darts {throwing}
 E - 37 poisoned darts {throwing}
 G - 10 javelins {throwing}
 M - 16 silver javelins {throwing}
 R - 6 boomerangs (quivered) {throwing}
Armour
 f - a +1 pair of gloves of strength (worn)
   (You acquired it on level 2 of the Dungeon)
 j - the -2 cloak of Watchfulness (worn) {*Slow rN+ Regen+ Int+3}
   (You found it on level 2 of the Dungeon)

   Int:       It affects your intelligence (+3).
   rN:        It protects you from negative energy.
   Regen:     It increases your rate of health regeneration.
   *Slow:     It may slow you when you take damage.
 k - a +0 plate armour
   (You found it on level 2 of the Dungeon)
 S - +0 fire dragon scales (worn)
   (You found it on level 13 of the Dungeon)
 Y - a +0 helmet of see invisible (worn)
   (You found it on level 10 of the Dungeon)
Jewellery
 y - a ring of flight (left hand)
   (You found it on level 4 of the Dungeon)
 F - an amulet of faith (around neck) {!P}
   (You found it on level 5 of the Dungeon)
 T - a ring of willpower (right hand)
   (You took it off an orc warrior on level 8 of the Dungeon)
Wands
 c - a wand of flame (35)
 d - a wand of charming (17)
 e - a wand of iceblast (30)
 z - a wand of acid (13)
   (You found it on level 4 of the Dungeon)
 U - a wand of paralysis (7)
   (You found it on level 9 of the Dungeon)
Scrolls
 A - a scroll of noise {!r}
 B - 2 scrolls of summoning
 D - 3 scrolls of enchant armour
 I - 3 scrolls of teleportation {@r4}
 L - 3 scrolls of magic mapping {!r}
 N - a scroll of amnesia
 O - a scroll of immolation {!r!r}
 V - a scroll of poison {!r}
Potions
 g - a potion of haste {@q3}
 m - 3 potions of invisibility
 n - 4 potions of attraction {!q}
 o - 4 potions of curing {@q1}
 t - 5 potions of might
 u - 2 potions of brilliance
 w - a potion of lignification {unknown}
 x - a potion of magic {unknown}
 H - 2 potions of heal wounds {@q2}
 J - 2 potions of berserk rage {!q}
 K - a potion of resistance
 Q - 2 potions of degeneration {!q@e2}
 X - a potion of flight
Miscellaneous
 i - a piece from Xom's chessboard (15/15)
   (You found it on level 12 of the Dungeon)

Dungeon Overview and Level Annotations

Branches:
Dungeon (13/15)            Temple (0/1) D:4            Lair (0/6) D:10
    Orc (0/2) D:9
 Vaults: D:13-14

Altars:
Ashenzari
Cheibriados
Elyvilon
Fedhas
Gozag
Hepliaklqana
Kikubaaqudgha
Okawaru
Ru
Yredelemnul
Zin

Shops:
D:11 = D:13

* ..#############.. #.#
#†. #)# #.. #.# #.. #.#
#.. #.# #..
########.#############..
......z.................
..z.z.z@................
##..###############.....
#..### #..# #..# #..#
#..# #... ####


You could see 4 skeletal warriors.


Message History

n - 4 potions of attraction {!q} (gained 1)
Items here: )) [ ††. 😨 HP[+2]
You regained 2 hp, and now have 29/81 hp.
Okay, then.
G - 10 javelins {throwing} (gained 5) 😨 HP[+2] MP[+1]
You regained 2 hp, and now have 31/81 hp.
You feel like a meek peon again.
Your hands slow down.
Items here: )) [ ††.
Key pressed, stopping explore.
Key pressed, stopping explore.
A two-headed ogre comes into view.
It is wielding a +0 giant club and a +0 giant spiked club.
The two-headed ogre shouts in stereo! 😎 HP[+50] MP[+5]
Your hp is fully restored (81).
Your mp is fully restored (22).
A two-headed ogre is nearby!
A skeletal warrior comes into view. It is wielding a +0 long sword.
The two-headed ogre hits you with a +0 giant club!
The two-headed ogre misses you.
You are too injured to fight recklessly! 😕 HP[-10]
You take 10 damage, and now have 71/81 hp.
You are too injured to fight recklessly!
You are too injured to fight recklessly!
You are too injured to fight recklessly!
You are too injured to fight recklessly!
You are too injured to fight recklessly!
You are too injured to fight recklessly!
You are too injured to fight recklessly!
You are too injured to fight recklessly!
You are too injured to fight recklessly!
You are too injured to fight recklessly!
You are too injured to fight recklessly!
You are too injured to fight recklessly!
You are too injured to fight recklessly!
You are too injured to fight recklessly!
Unknown command.
Unknown command.
You gain the combat prowess of a mighty hero.
A skeletal warrior comes into view.
It is wielding a +2 vorpal hand axe. 😕 HP[+1] MP[-2]
You lost 2 mp, and now have 20/22 mp.
Unknown command.
Unknown command.
You can now deal lightning-fast blows.
The two-headed ogre hits you with a +0 giant club!
The two-headed ogre hits you with a +0 giant spiked club!!
* * * LOW HITPOINT WARNING * * *
A skeletal warrior comes into view.
It is wielding a +0 dire flail. 😨 HP[-33] MP[-5]
You take 33 damage, and now have 39/81 hp.
MASSIVE DAMAGE!! (PAUSE)
You lost 5 mp, and now have 15/22 mp.
You hit the two-headed ogre but do no damage.
The two-headed ogre hits you with a +0 giant club!!
* * * LOW HITPOINT WARNING * * *
The two-headed ogre hits you with a +0 giant spiked club!
* * * LOW HITPOINT WARNING * * *
😱 HP[-32]
You take 32 damage, and now have 7/81 hp.
MASSIVE DAMAGE!! (PAUSE) Unknown command.
You slash the two-headed ogre!
You feel better. 😱 HP[+2]
You regained 2 hp, and now have 9/81 hp.
You slice the two-headed ogre!!
A skeletal warrior comes into view. It is wielding a +0 flail. 😱 HP[+1]
You slash the two-headed ogre!
You feel better.
You kill the two-headed ogre!
Okawaru is honoured by your kill. Okawaru grants you armour!
Something appears at your feet!
You see here the +0 cloak of Greater Demons {Rampage rF- Str+6}.
Your piece from Xom's chessboard (15/15) has regained one charge. 😱 HP[+9]
You now have 82 max hp (+1).
You regained 9 hp, and now have 19/82 hp.
Unknown command.
Aiming: Corrosive Bolt
Press: ? - help, Shift-Dir - straight line, f - skeletal warrior
Aim: a skeletal warrior, wielding a +0 dire flail (74% to hit)
The bolt of acid hits the skeletal warrior!!
The acid corrodes the skeletal warrior!
The bolt of acid hits the skeletal warrior! x2
The skeletal warrior hits you with a +0 long sword.
* * * LOW HITPOINT WARNING * * *
😱 HP[-3] MP[+1]
You take 3 damage, and now have 16/82 hp.
Aiming: Corrosive Bolt
Press: ? - help, Shift-Dir - straight line, f - skeletal warrior, p - skeletal warrior
Aim: a skeletal warrior, wielding a +0 flail (74% to hit)
The bolt of acid hits the skeletal warrior!
The skeletal warrior seems to be corroded for longer.
The bolt of acid hits the skeletal warrior!!
The bolt of acid misses the skeletal warrior.
The bolt of acid hits the skeletal warrior!
The skeletal warrior hits you with a +0 long sword!!
You die...

Skill      XL: |  1  2  3  4  5  6  7  8  9 10 11 12 |
---------------+-------------------------------------+-----
Invocations    | 1 2 3 4 5 6 7 |  7.8
Short Blades   | 1 2 3 4 5 6 7 |  7.1
Long Blades    | 1 2 3 4 5 6 7 |  7.1
Axes           | 1 2 3 4 5 6 7 |  7.1
Maces & Flails | 1 2 3 4 5 6 7 |  7.1
Polearms       | 1 2 3 4 5 6 7 |  7.1
Staves         | 1 2 3 4 5 6 7 |  7.1
Slings         | 1 2 3 4 5 6 7 |  7.1
Bows           | 1 2 3 4 5 6 7 |  7.1
Crossbows      | 1 2 3 4 5 6 7 |  7.1
Throwing       | 1 2 3 4 5 6 7 |  7.1
Shields        | 1 2 3 4 5 6 7 |  7.1
Unarmed Combat | 1 2 3 4 5 6 7 |  7.1
Spellcasting   | 1 2 3 4 5 6 7 |  7.1
Conjurations   | 1 2 3 4 5 |  5.9
Hexes          | 1 2 3 4 5 |  5.9
Summonings     | 1 2 3 4 5 |  5.9
Necromancy     | 1 2 3 4 5 |  5.9
Translocations | 1 2 3 4 5 |  5.9
Transmutations | 1 2 3 4 5 |  5.9
Fire Magic     | 1 2 3 4 5 |  5.9
Ice Magic      | 1 2 3 4 5 |  5.9
Air Magic      | 1 2 3 4 5 |  5.9
Earth Magic    | 1 2 3 4 5 |  5.9
Poison Magic   | 1 2 3 4 5 |  5.9
Fighting       | 3 4 5 6 7 |  7.7
Dodging        | 3 4 5 6 7 |  7.7
Stealth        | 3 4 5 6 7 |  7.6
Armour         | 5 6 7 8 |  8.6
Evocations     | 7 8 9 |  9.8

Action                   |  1- 3 |  4- 6 |  7- 9 | 10-12 || total
-------------------------+-------+-------+-------+-------++-------
Melee: Club              |   146 |       |       |       ||   146
       Bite              |    13 |     2 |    21 |    62 ||    98
       Punch             |     2 |       |     4 |    21 ||    27
       Dagger            |       |     2 |       |       ||     2
       Whip              |       |    39 |   238 |   347 ||   624
       Executioner's axe |       |       |       |   100 ||   100
 Fire: Hunting sling     |    29 |    91 |    31 |       ||   151
Throw: Stone             |       |       |    35 |       ||    35
       Javelin           |       |       |     2 |    11 ||    13
       Boomerang         |       |       |       |     5 ||     5
Invok: Heroism           |       |       |    10 |    23 ||    33
       Finesse           |       |       |     2 |     7 ||     9
Evoke: Wand              |       |     1 |       |     6 ||     7
       Piece from Xom's  |       |       |       |     2 ||     2
  Use: Scroll            |     4 |     1 |    10 |     6 ||    21
       Potion            |       |     6 |     2 |       ||     8
 Stab: Sleeping          |     5 |       |       |       ||     5
       Invisible         |       |     1 |       |       ||     1
Armor: Leather armour    |    49 |       |       |       ||    49
       Plate armour      |    31 |   121 |   176 |   255 ||   583
       Fire dragon scale |       |       |       |     5 ||     5
Dodge: Dodged            |   108 |    58 |   120 |   215 ||   501

Levels and vault maps discovered:
D:1:      eino_arrival_tree_alley, layout_basic, minivault_14
D:2:      layout_basic, basic_altar, shapermc_ecumenical_altar_gd, uniq_robin
D:3:      layout_rooms, mainiacjoe_overflow_six_doors_small
D:4:      layout_basic, mainiacjoe_overflow_catwalk, minmay_temple_entry_arrows,
          nrook_campfire
D:5:      layout_rooms, st_stairs_10
D:6:      layout_basic, slow_altar_1, marbit_many_paths, serial_corexii_hall,
          chequers_hall_statues_corner_a, corexii_hall_statues_s, uniq_sigmund
D:7:      layout_loops_ring, serial_co_window_serial, co_window_paths_b,
          co_window_corner_a, co_window_paths_a, co_window_corner_a,
          co_window_of_opportunity_a, co_window_paths_b, co_window_paths_b,
          co_window_broadway_b, co_window_cross_3, co_window_unsneaky_path_e,
          glass_columns_b, glass_columns_b, glass_columns_b
D:8:      layout_loops_corners, lemuel_round_altar,
          chequers_temple_overflow_minitemple, lemuel_round_altar
D:9:      layout_long_grid, mainiacjoe_overflow_big_doors, orc_0_dummy
D:10:     layout_irregular_city, lair_entry_dummy
D:11:     layout_cave_pools, serial_glass, glass_columns_a, glass_columns_a,
          due_unseen_surprise, item_on_display_a, minmay_strange_pillars,
          minmay_shop_enchanted_jewellery
D:12:     layout_roguey
D:13:     layout_long_grid, skrybe_vaults_entry_preservation, serial_shops,
          nicolae_stop_n_shop_1, uniq_kirke, uniq_frances

Notes
Turn   | Place    | Note
-------+----------+-------------------------------------------
     0 | D:1      | spaghetti the Gnoll Artificer began the quest for the Orb.
     0 | D:1      | Reached XP level 1. HP: 17/17 MP: 1/1
     0 | D:1      | magus.rc [v1.9.6]
   274 | D:1      | Reached XP level 2. HP: 23/23 MP: 2/2
   300 | D:1      | You add the spells Gell's Gravitas, Teleport Other and
                  | Dispersal to your library.
   540 | D:1      | HP: 5/23 [quokka (4)]
  1307 | D:1      | Reached XP level 3. HP: 28/28 MP: 3/3
  1647 | D:2      | Identified the -2 cloak of Watchfulness {*Slow rN+ Regen+
                  | Int+3}
  1706 | D:2      | You pick up a book of Chaos and begin reading...
  1706 | D:2      | You add the spells Conjure Ball Lightning, Disjunction and
                  | Discord to your library.
  1710 | D:2      | Found a white marble altar of Elyvilon.
  1720 | D:2      | Reached skill level 1 in Invocations
  1758 | D:2      | Identified a scroll of acquirement
  1758 | D:2      | Acquired a +1 pair of gloves of strength
  1818 | D:2      | Reached skill level 1 in Short Blades
  1818 | D:2      | Reached skill level 1 in Long Blades
  1818 | D:2      | Reached skill level 1 in Axes
  1818 | D:2      | Reached skill level 1 in Maces & Flails
  1818 | D:2      | Reached skill level 1 in Polearms
  1818 | D:2      | Reached skill level 1 in Staves
  1818 | D:2      | Reached skill level 1 in Slings
  1818 | D:2      | Reached skill level 1 in Bows
  1818 | D:2      | Reached skill level 1 in Crossbows
  1818 | D:2      | Reached skill level 1 in Throwing
  1818 | D:2      | Reached skill level 1 in Shields
  1818 | D:2      | Reached skill level 1 in Unarmed Combat
  1818 | D:2      | Reached skill level 1 in Spellcasting
  1824 | D:2      | Found a faded altar of an unknown god.
  1953 | D:2      | Reached XP level 4. HP: 34/34 MP: 5/5
  1972 | D:2      | Noticed Robin
  1977 | D:2      | Killed Robin
  2193 | D:3      | Reached skill level 1 in Conjurations
  2193 | D:3      | Reached skill level 1 in Hexes
  2193 | D:3      | Reached skill level 1 in Summonings
  2193 | D:3      | Reached skill level 1 in Necromancy
  2193 | D:3      | Reached skill level 1 in Translocations
  2193 | D:3      | Reached skill level 1 in Transmutations
  2193 | D:3      | Reached skill level 1 in Fire Magic
  2193 | D:3      | Reached skill level 1 in Ice Magic
  2193 | D:3      | Reached skill level 1 in Air Magic
  2193 | D:3      | Reached skill level 1 in Earth Magic
  2193 | D:3      | Reached skill level 1 in Poison Magic
  2334 | D:3      | Found an iron altar of Okawaru.
  2344 | D:3      | Became a worshipper of Warmaster Okawaru
  2439 | D:3      | Identified the +7 whip of the Dwarven Hall {vorpal, Str+2
                  | Int+3}
  2695 | D:4      | Reached XP level 5. HP: 40/40 MP: 6/6
  2753 | D:4      | You pick up a book of Displacement and begin reading...
  2753 | D:4      | You pick up a book of Cantrips and begin reading...
  2753 | D:4      | You add the spells Necrotize and Apportation to your
                  | library.
  2779 | D:4      | Found a staircase to the Ecumenical Temple.
  2811 | D:4      | Reached skill level 3 in Fighting
  2811 | D:4      | Reached skill level 3 in Dodging
  2920 | D:4      | You pick up a book of Hexes and begin reading...
  2920 | D:4      | You add the spells Inner Flame and Cause Fear to your
                  | library.
  3059 | D:4      | Found a sacrificial altar of Ru.
  3095 | D:5      | Entered Level 5 of the Dungeon
  3147 | D:5      | Noticed an ogre
  3147 | D:5      | Noticed an ice beast
  3166 | D:5      | Reached XP level 6. HP: 39/47 MP: 8/8
  3167 | D:5      | Reached skill level 2 in Invocations
  3167 | D:5      | Noticed a black bear
  3169 | D:5      | Reached skill level 3 in Stealth
  3172 | D:5      | Reached * piety under Okawaru
  3173 | D:5      | Reached skill level 2 in Short Blades
  3173 | D:5      | Reached skill level 2 in Long Blades
  3173 | D:5      | Reached skill level 2 in Axes
  3173 | D:5      | Reached skill level 2 in Maces & Flails
  3173 | D:5      | Reached skill level 2 in Polearms
  3173 | D:5      | Reached skill level 2 in Staves
  3173 | D:5      | Reached skill level 2 in Slings
  3173 | D:5      | Reached skill level 2 in Bows
  3173 | D:5      | Reached skill level 2 in Crossbows
  3173 | D:5      | Reached skill level 2 in Throwing
  3173 | D:5      | Reached skill level 5 in Armour
  3173 | D:5      | Reached skill level 2 in Shields
  3173 | D:5      | Reached skill level 2 in Unarmed Combat
  3173 | D:5      | Reached skill level 2 in Spellcasting
  3181 | D:5      | Killed a black bear
  3182 | D:5      | Noticed a black bear
  3197 | D:4      | Reached XP level 7. HP: 18/52 MP: 10/10
  3200 | D:4      | Reached skill level 7 in Evocations
  3279 | D:5      | Reached skill level 2 in Conjurations
  3279 | D:5      | Reached skill level 2 in Hexes
  3279 | D:5      | Reached skill level 2 in Summonings
  3279 | D:5      | Reached skill level 2 in Necromancy
  3279 | D:5      | Reached skill level 2 in Translocations
  3279 | D:5      | Reached skill level 2 in Transmutations
  3279 | D:5      | Reached skill level 2 in Fire Magic
  3279 | D:5      | Reached skill level 2 in Ice Magic
  3279 | D:5      | Reached skill level 2 in Air Magic
  3279 | D:5      | Reached skill level 2 in Earth Magic
  3279 | D:5      | Reached skill level 2 in Poison Magic
  3352 | D:5      | Reached ** piety under Okawaru
  3359 | D:5      | Reached skill level 3 in Invocations
  3367 | D:5      | Reached skill level 4 in Fighting
  3367 | D:5      | Reached skill level 4 in Dodging
  3367 | D:5      | Reached XP level 8. HP: 28/60 MP: 9/12
  3375 | D:5      | Reached skill level 3 in Short Blades
  3375 | D:5      | Reached skill level 3 in Long Blades
  3375 | D:5      | Reached skill level 3 in Axes
  3375 | D:5      | Reached skill level 3 in Maces & Flails
  3375 | D:5      | Reached skill level 3 in Polearms
  3375 | D:5      | Reached skill level 3 in Staves
  3375 | D:5      | Reached skill level 3 in Slings
  3375 | D:5      | Reached skill level 3 in Bows
  3375 | D:5      | Reached skill level 3 in Crossbows
  3375 | D:5      | Reached skill level 3 in Throwing
  3375 | D:5      | Reached skill level 3 in Shields
  3375 | D:5      | Reached skill level 3 in Unarmed Combat
  3375 | D:5      | Reached skill level 3 in Spellcasting
  3378 | D:5      | Reached skill level 4 in Stealth
  3935 | D:6      | Noticed Sigmund
  3943 | D:6      | Killed Sigmund
  3943 | D:6      | Reached *** piety under Okawaru
  3944 | D:6      | Reached skill level 3 in Conjurations
  3944 | D:6      | Reached skill level 3 in Hexes
  3944 | D:6      | Reached skill level 3 in Summonings
  3944 | D:6      | Reached skill level 3 in Necromancy
  3944 | D:6      | Reached skill level 3 in Translocations
  3944 | D:6      | Reached skill level 3 in Transmutations
  3944 | D:6      | Reached skill level 3 in Fire Magic
  3944 | D:6      | Reached skill level 3 in Ice Magic
  3944 | D:6      | Reached skill level 3 in Air Magic
  3944 | D:6      | Reached skill level 3 in Earth Magic
  3944 | D:6      | Reached skill level 3 in Poison Magic
  3944 | D:6      | Reached skill level 4 in Invocations
  4066 | D:6      | Reached skill level 6 in Armour
  4104 | D:6      | Reached XP level 9. HP: 66/66 MP: 11/14
  4477 | D:6      | Found a white marble altar of Elyvilon.
  4607 | D:6      | Found a snail-covered altar of Cheibriados.
  4620 | D:6      | Reached skill level 4 in Short Blades
  4620 | D:6      | Reached skill level 4 in Long Blades
  4620 | D:6      | Reached skill level 4 in Axes
  4620 | D:6      | Reached skill level 4 in Maces & Flails
  4620 | D:6      | Reached skill level 4 in Polearms
  4620 | D:6      | Reached skill level 4 in Staves
  4620 | D:6      | Reached skill level 4 in Slings
  4620 | D:6      | Reached skill level 4 in Bows
  4620 | D:6      | Reached skill level 4 in Crossbows
  4620 | D:6      | Reached skill level 4 in Throwing
  4620 | D:6      | Reached skill level 4 in Shields
  4620 | D:6      | Reached skill level 4 in Unarmed Combat
  4620 | D:6      | Reached skill level 4 in Spellcasting
  5052 | D:7      | Received a gift from Okawaru
  5053 | D:7      | Reached skill level 5 in Fighting
  5053 | D:7      | Reached skill level 5 in Dodging
  5091 | D:7      | Reached skill level 5 in Stealth
  5097 | D:7      | Reached skill level 8 in Evocations
  5421 | D:7      | Gained mutation: You are dopey. (Int -2) [potion of
                  | mutation]
  5421 | D:7      | Gained mutation: You possess an exceptional clarity of
                  | mind. [potion of mutation]
  5421 | D:7      | Gained mutation: You are frail. (-10% HP) [potion of
                  | mutation]
  5454 | D:7      | Reached **** piety under Okawaru
  5502 | D:7      | You pick up a book of the Senses and begin reading...
  5502 | D:7      | You add the spells Dazzling Flash, Agony and Silence to
                  | your library.
  5539 | D:7      | You pick up a book of Vapours and begin reading...
  5539 | D:7      | You add the spells Poisonous Vapours and Corpse Rot to your
                  | library.
  5822 | D:8      | Reached skill level 5 in Invocations
  5866 | D:8      | Identified the +8 short sword "Doishriwe" {freeze, rPois
                  | rC+ Int+2}
  6034 | D:8      | Received a gift from Okawaru
  6059 | D:8      | Identified the +4 war axe "Ycidioh" {freeze, Dex+3}
  6107 | D:8      | Found a blossoming altar of Fedhas.
  6117 | D:8      | You add the spells Conjure Flame, Ignite Poison and Sticky
                  | Flame to your library.
  6371 | D:8      | Reached XP level 10. HP: 62/66 MP: 9/17
  6372 | D:8      | Reached skill level 4 in Conjurations
  6372 | D:8      | Reached skill level 4 in Hexes
  6372 | D:8      | Reached skill level 4 in Summonings
  6372 | D:8      | Reached skill level 4 in Necromancy
  6372 | D:8      | Reached skill level 4 in Translocations
  6372 | D:8      | Reached skill level 4 in Transmutations
  6372 | D:8      | Reached skill level 4 in Fire Magic
  6372 | D:8      | Reached skill level 4 in Ice Magic
  6372 | D:8      | Reached skill level 4 in Air Magic
  6372 | D:8      | Reached skill level 4 in Earth Magic
  6372 | D:8      | Reached skill level 4 in Poison Magic
  6628 | D:8      | Found a broken altar of Ashenzari.
  6737 | D:8      | Found a glowing silver altar of Zin.
  6737 | D:8      | Found a faded altar of an unknown god.
  6755 | D:8      | Reached skill level 5 in Short Blades
  6755 | D:8      | Reached skill level 5 in Long Blades
  6755 | D:8      | Reached skill level 5 in Axes
  6755 | D:8      | Reached skill level 5 in Maces & Flails
  6755 | D:8      | Reached skill level 5 in Polearms
  6755 | D:8      | Reached skill level 5 in Staves
  6755 | D:8      | Reached skill level 5 in Slings
  6755 | D:8      | Reached skill level 5 in Bows
  6755 | D:8      | Reached skill level 5 in Crossbows
  6755 | D:8      | Reached skill level 5 in Throwing
  6755 | D:8      | Reached skill level 5 in Shields
  6755 | D:8      | Reached skill level 5 in Unarmed Combat
  6755 | D:8      | Reached skill level 5 in Spellcasting
  6785 | D:8      | Found a faded altar of an unknown god.
  6791 | D:8      | Found a hazy altar of Hepliaklqana.
  6793 | D:8      | Found a basalt altar of Yredelemnul.
  6976 | D:9      | Found a staircase to the Orcish Mines.
  7285 | D:9      | Reached skill level 7 in Armour
  7395 | D:9      | Noticed a kobold demonologist
  7406 | D:9      | Killed a kobold demonologist
  7414 | D:9      | Found an ancient bone altar of Kikubaaqudgha.
  7511 | D:9      | Reached skill level 6 in Fighting
  7511 | D:9      | Reached skill level 6 in Dodging
  7623 | D:9      | Found an opulent altar of Gozag.
  7740 | D:10     | Entered Level 10 of the Dungeon
  7769 | D:10     | Reached skill level 6 in Stealth
  7770 | D:10     | Reached ***** piety under Okawaru
  7771 | D:10     | Reached skill level 6 in Invocations
  7868 | D:10     | HP: 17/68 [orc warrior/+0 glaive (14)]
  7887 | D:10     | Received a gift from Okawaru
  8327 | D:10     | Found a staircase to the Lair.
  8489 | D:10     | Reached XP level 11. HP: 69/74 MP: 19/19
  8683 | D:11     | Noticed a deep elf pyromancer
  8694 | D:11     | Killed a deep elf pyromancer
  8695 | D:11     | Reached skill level 6 in Short Blades
  8695 | D:11     | Reached skill level 6 in Long Blades
  8695 | D:11     | Reached skill level 6 in Axes
  8695 | D:11     | Reached skill level 6 in Maces & Flails
  8695 | D:11     | Reached skill level 6 in Polearms
  8695 | D:11     | Reached skill level 6 in Staves
  8695 | D:11     | Reached skill level 6 in Slings
  8695 | D:11     | Reached skill level 6 in Bows
  8695 | D:11     | Reached skill level 6 in Crossbows
  8695 | D:11     | Reached skill level 6 in Throwing
  8695 | D:11     | Reached skill level 6 in Shields
  8695 | D:11     | Reached skill level 6 in Unarmed Combat
  8695 | D:11     | Reached skill level 6 in Spellcasting
  8695 | D:11     | Reached skill level 9 in Evocations
  8741 | D:11     | Found Galiklapt's Jewellery Emporium.
  8765 | D:11     | Noticed a boulder beetle
  8796 | D:11     | HP: 17/74 [boulder beetle (15)]
  8801 | D:11     | Killed a boulder beetle
  8802 | D:11     | Reached skill level 5 in Conjurations
  8802 | D:11     | Reached skill level 5 in Hexes
  8802 | D:11     | Reached skill level 5 in Summonings
  8802 | D:11     | Reached skill level 5 in Necromancy
  8802 | D:11     | Reached skill level 5 in Translocations
  8802 | D:11     | Reached skill level 5 in Transmutations
  8802 | D:11     | Reached skill level 5 in Fire Magic
  8802 | D:11     | Reached skill level 5 in Ice Magic
  8802 | D:11     | Reached skill level 5 in Air Magic
  8802 | D:11     | Reached skill level 5 in Earth Magic
  8802 | D:11     | Reached skill level 5 in Poison Magic
  8866 | D:11     | Noticed a cyclops
  8880 | D:11     | Killed a cyclops
  9141 | D:11     | Noticed a boulder beetle
  9162 | D:11     | Received a gift from Okawaru
  9163 | D:11     | r - a +4 vampiric executioner's axe {axerare=g}
  9167 | D:11     | HP: 11/74 [boulder beetle (13)]
  9308 | D:11     | HP: 8/74 [boulder beetle (37)]
  9526 | D:12     | Noticed a brown ugly thing
  9530 | D:12     | r - a +4 vampiric executioner's axe (weapon) {axerare=g}
  9534 | D:12     | Killed a brown ugly thing
  9582 | D:12     | Noticed a boulder beetle
  9611 | D:12     | Killed a boulder beetle
  9612 | D:12     | Reached skill level 7 in Fighting
  9612 | D:12     | Reached skill level 8 in Armour
  9612 | D:12     | Reached skill level 7 in Dodging
  9612 | D:12     | Reached skill level 7 in Invocations
 10057 | D:12     | Received a gift from Okawaru
 10058 | D:12     | Reached skill level 7 in Stealth
 10081 | D:13     | Noticed Kirke
 10081 | D:13     | Found One Ytil's Assorted Antiques.
 10088 | D:13     | Noticed a lindwurm
 10092 | D:13     | Received a gift from Okawaru
 10094 | D:13     | Killed Kirke
 10128 | D:13     | Noticed a boulder beetle
 10129 | D:13     | HP: 17/75 [efreet/+0 scimitar of flaming (12)]
 10205 | D:13     | Killed a boulder beetle
 10206 | D:13     | Reached XP level 12. HP: 29/81 MP: 20/22
 10293 | D:13     | Noticed a fire dragon
 10309 | D:13     | Killed a fire dragon
 10309 | D:13     | Received a gift from Okawaru
 10364 | D:13     | Noticed Frances
 10376 | D:13     | Reached skill level 7 in Short Blades
 10376 | D:13     | Reached skill level 7 in Long Blades
 10376 | D:13     | Reached skill level 7 in Axes
 10376 | D:13     | Reached skill level 7 in Maces & Flails
 10376 | D:13     | Reached skill level 7 in Polearms
 10376 | D:13     | Reached skill level 7 in Staves
 10376 | D:13     | Reached skill level 7 in Slings
 10376 | D:13     | Reached skill level 7 in Bows
 10376 | D:13     | Reached skill level 7 in Crossbows
 10376 | D:13     | Reached skill level 7 in Throwing
 10376 | D:13     | Reached skill level 7 in Shields
 10376 | D:13     | Reached skill level 7 in Unarmed Combat
 10376 | D:13     | Reached skill level 7 in Spellcasting
 10385 | D:13     | HP: 17/81 [Frances/+0 long sword (10)]
 10387 | D:13     | Killed Frances
 10387 | D:13     | Received a gift from Okawaru
 10475 | D:13     | Noticed a two-headed ogre
 10481 | D:13     | HP: 15/81 [two-headed ogre/+0 giant club (25)]
 10481 | D:13     | HP: 7/81 [two-headed ogre/+0 giant club (8)]
 10484 | D:13     | Killed a two-headed ogre
 10484 | D:13     | Identified the +0 cloak of Greater Demons {Rampage rF-
                  | Str+6} (Okawaru gifted it to you on level 13 of the
                  | Dungeon)
 10484 | D:13     | Received a gift from Okawaru
 10486 | D:13     | Slain by a skeletal warrior

Vanquished Creatures
  Frances (D:13)
  Kirke (D:13)
  A fire dragon (D:13)
  3 boulder beetles
  A two-headed ogre (D:13)
  2 deep elf pyromancers
  An ugly thing (D:12)
  A cyclops (D:11)
  A kobold demonologist (D:9)
  An efreet (D:13)
  A komodo dragon (D:11)
  3 trolls
  A hornet (D:10)
  A shadow (D:11)
  Sigmund (D:6)
  A wraith (D:12)
  2 vampires (D:12)
  4 wyverns
  6 hogs (D:13)
  A yak (shapeshifter) (D:10)
  5 vampire mosquitoes
  A steam dragon (D:9)
  An acid dragon (D:10)
  A water moccasin (D:7)
  7 orc warriors
  An ice beast (D:5)
  A sky beast (D:8)
  3 black bears
  4 ogres
  A centaur (D:12)
  2 kobold brigands
  2 necrophages
  4 bullfrogs
  3 scorpions
  4 wights (D:6)
  14 killer bees
  10 howler monkeys
  6 hounds
  5 orc priests
  An iron imp (D:6)
  A gnoll shaman (D:6)
  4 iguanas
  11 orc wizards
  Robin (D:2)
  4 adders
  5 gnolls (D:6)
  5 shadow imps
  A white imp (D:5)
  2 dart slugs
  25 orcs
  9 endoplasms
  5 giant cockroaches
  7 hobgoblins
  3 jackals (D:4)
  21 kobolds
  4 quokkas
  6 ball pythons
  5 bats
  5 frilled lizards
  15 goblins
  5 rats
254 creatures vanquished.

Vanquished Creatures (others)
  A goblin (D:2)
1 creature vanquished.

Grand Total: 255 creatures vanquished

Table legend:
 A = Non-vault XP
 B = Vault XP
 C = Vault XP percentage of total XP
 D = Non-vault monster count
 E = Vault monster count
 F = Vault count percentage of total count
                 A         B        C        D         E       F
            +---------+---------+-------+---------+---------+-------
      Total |   18327 |    4358 |  19.2 |     229 |      25 |   9.8
            +---------+---------+-------+---------+---------+-------
        D:1 |      45 |       0 |   0.0 |      26 |       0 |   0.0
        D:2 |      37 |      36 |  49.3 |      16 |      12 |  42.9
        D:3 |      44 |       0 |   0.0 |      11 |       0 |   0.0
        D:4 |     272 |       0 |   0.0 |      16 |       0 |   0.0
        D:5 |    1095 |      45 |   3.9 |      20 |       2 |   9.1
        D:6 |     877 |     288 |  24.7 |      19 |       3 |  13.6
        D:7 |    1178 |       0 |   0.0 |      13 |       0 |   0.0
        D:8 |    1384 |       0 |   0.0 |      26 |       0 |   0.0
        D:9 |    1764 |       0 |   0.0 |      21 |       0 |   0.0
       D:10 |    2469 |       0 |   0.0 |      28 |       0 |   0.0
       D:11 |    3176 |       0 |   0.0 |      21 |       0 |   0.0
       D:12 |    2445 |       0 |   0.0 |       7 |       0 |   0.0
       D:13 |    3541 |    3989 |  53.0 |       5 |       8 |  61.5
            +---------+---------+-------+---------+---------+-------

Illustrated notes

Table legend:
 A = Kills in this place as a percentage of kills in entire the game.
 B = Kills by you in this place as a percentage of kills by you in the entire game.
 C = Kills by friends in this place as a percentage of kills by friends in the entire game.
 D = Other kills in this place as a percentage of other kills in the entire game.
 E = Experience gained in this place as a percentage of experience gained in the entire game.
 F = Experience gained in this place divided by the number of levels of this place that you have seen.
                   A       B       C       D       E      F
               +-------+-------+-------+-------+-------+----------------------
         Total | 100.0 | 100.0 |   N/A |   N/A | 100.0 | 1745.0
       Dungeon | 100.0 | 100.0 |   N/A |   N/A | 100.0 | 1745.0
               +-------+-------+-------+-------+-------+----------------------

Table legend: (Time is in decaauts)
 A = Elapsed time spent in this place.
 B = Non-inter-level travel time spent in this place.
 C = Inter-level travel time spent in this place.
 D = Time resting spent in this place.
 E = Time spent auto-exploring this place.
 F = Levels seen in this place.
 G = Mean time per level.
                   A        B        C        D        E       F      G
               +--------+--------+--------+--------+--------+-----+--------+
         Total |  10500 |  10202 |    298 |    279 |   7924 |  13 |  807.7 |
       Dungeon |  10500 |  10202 |    298 |    279 |   7924 |  13 |  807.7 |
               +--------+--------+--------+--------+--------+-----+--------+

Top non-repeatable levels by time:
     D:1: 1665 daAuts
     D:8: 1117 daAuts
     D:6: 1036 daAuts
    D:10: 966 daAuts
     D:7: 922 daAuts
    D:12: 836 daAuts
     D:9: 801 daAuts
     D:5: 615 daAuts
     D:2: 590 daAuts
     D:4: 544 daAuts
    D:11: 531 daAuts
     D:3: 520 daAuts
    D:13: 351 daAuts
